Map: Bastión celestial

Players

MrFercho - Winner!

  • Race: Zerg Zerg
  • Spawn Location: 7:00

tigro

  • Race: Terran Terran
  • Spawn Location: 1:00

VOD

Have the link to the VOD?

Description

Time

  • Played on: Sept. 2, 2019, 10:30 p.m.
  • Length: 47:09
Show
View Real Time Build Order
Export as new Build Order

MrFercho Zerg - Winner!

Build Orders: Pool First 

Get SALT Encoding   

  12  0:03  Drone  
  13  0:19  Overlord  
  13  0:21  Drone  
  14  0:32  Extractor  
  14  0:35  Drone  
  14  0:45  Drone x2  
  16  0:53  Spawning Pool  
  16  0:56  Drone  
  16  1:08  Drone  
  17  1:13  Extractor  
  16  1:21  Drone  
  17  1:38  Drone  
  17  1:39  Drone  
  19  1:45  Queen  
  21  1:50  Drone  
  22  2:09  Overlord  
  22  2:13  Overlord  
  22  2:24  Lair  
  22  2:45  Zergling x2  
  22  2:46  Zergling x4  
  25  3:05  Zergling x2  
  26  3:09  Metabolic Boost  
  26  3:26  Drone x2  
  24  4:52  Overlord, Drone x2  
  26  4:54  Zergling x4  
  26  4:55  Zergling x2  
  29  5:18  Evolution Chamber  
  29  5:20  Evolution Chamber  
  27  5:27  Evolution Chamber  
  26  5:33  Drone x3  
  29  5:50  Infestation Pit  
  28  6:01  Roach Warren  
  27  6:09  Hydralisk Den  
  24  6:58  Hatchery  
  22  7:04  Roach x2  
  22  7:05  Roach x2  
  30  7:09  Queen  
  32  7:16  Extractor  
  32  7:18  Zerg Melee Weapons Level 1, Zerg Missile Weapons Level 1  
  32  7:19  Zerg Ground Armor Level 1  
  32  7:21  Extractor  
  30  7:26  Pathogen Glands  
  30  7:30  Glial Reconstitution  
  39  7:45  Burrow  
  39  7:55  Grooved Spines  
  39  8:25  Hatchery  
  38  8:39  Drone x2  
  38  8:40  Drone x4  
  44  8:48  Tunneling Claws  
  44  8:56  Extractor  
  44  9:01  Drone x3  
  46  9:03  Extractor  
  46  9:06  Muscular Augments  
  45  9:14  Hive  
  45  9:20  Drone x4  
  49  9:34  Spire  
  48  9:43  Spire  
  47  9:57  Drone x2  
  49  10:04  Overlord  
  49  10:05  Overlord  
  49  10:07  Drone  
  50  10:10  Lair  
  50  10:18  Drone x3  
  50  10:19  Drone x3  
  50  11:29  Mutalisk x2  
  50  11:30  Corruptor  
  50  11:31  Corruptor  
  50  11:32  Roach x2  
  62  11:34  Zergling x6  
  62  11:35  Overlord  
  65  11:46  Queen  
  67  11:47  Drone x2  
  67  11:48  Drone  
  70  11:58  Drone x2  
  70  11:59  Drone  
  73  12:09  Overseer  
  73  12:14  Pneumatized Carapace  
  73  12:38  Hydralisk x3  
  79  13:21  Ultralisk Cavern  
  78  13:31  Greater Spire  
  78  13:54  Zerg Flyer Weapons Level 1  
  78  14:01  Adrenal Glands  
  78  14:05  Zerg Missile Weapons Level 2, Zerg Melee Weapons Level 2  
  78  14:06  Zerg Ground Armor Level 2  
  78  14:19  Drone x3  
  81  14:28  Drone  
  82  14:34  Overlord  
  82  14:35  Overlord  
  78  15:43  Infestor  
  78  15:44  Infestor x2  
  78  15:48  Zerg Flyer Armor Level 1  
  84  15:57  Drone x2  
  84  15:58  Drone  
  87  16:22  Hatchery  
  87  16:24  Extractor  
  85  16:26  Extractor  
  84  16:33  Hatchery  
  84  16:35  Chitinous Plating  
  84  16:36  Extractor  
  82  16:40  Extractor, Zerg Melee Weapons Level 3  
  82  16:41  Zerg Missile Weapons Level 3  
  82  16:43  Zerg Ground Armor Level 3  
  81  17:02  Ultralisk  
  87  17:11  Roach  
  87  17:12  Roach x2  
  87  17:13  Roach  
  95  17:16  Overlord  
  95  17:54  Anabolic Synthesis  
  95  18:03  Drone x2  
  95  18:04  Drone x6  
  95  18:05  Drone x4  
  107  18:14  Overlord  
  107  18:15  Overlord x2  
  107  18:30  Ultralisk  
  107  18:33  Overlord x2  
  113  18:45  Drone x3  
  116  18:52  Drone x2  
  116  18:53  Drone  
  119  19:05  Drone x3  
  99  20:11  Neural Parasite  
  99  20:14  Zerg Flyer Weapons Level 2  
  99  20:19  Zerg Flyer Armor Level 2  
  99  21:29  Zergling x10  
  99  21:30  Zergling x8  
  108  21:42  Ultralisk x3  
  126  22:04  Drone  
  126  22:05  Drone x2  
  126  22:07  Spore Crawler  
  126  22:08  Spore Crawler  
  127  22:10  Spore Crawler x2  
  125  22:19  Spore Crawler x2  
  125  22:22  Spore Crawler  
  122  22:29  Drone x3  
  125  22:52  Corruptor x3  
  131  22:59  Mutalisk x2  
  131  23:04  Mutalisk x2  
  131  23:05  Mutalisk  
  141  23:11  Mutalisk x3  
  147  23:26  Overlord  
  147  23:27  Mutalisk x2  
  151  23:48  Baneling Nest  
  150  24:00  Zerg Flyer Weapons Level 3  
  150  24:01  Zerg Flyer Armor Level 3  
  150  24:10  Corruptor  
  150  24:11  Corruptor x4  
  160  24:38  Centrifical Hooks  
  160  24:46  Baneling  
  160  24:50  Baneling x5  
  160  24:51  Baneling x6  
  160  24:52  Baneling x5  
  160  24:53  Baneling  
  151  25:25  Zergling x2  
  151  25:26  Zergling x12  
  151  25:27  Zergling x4  
  160  25:31  Queen  
  162  25:38  Overlord x2  
  162  25:39  Overlord  
  164  25:50  Brood Lord x2  
  166  26:01  Baneling x2  
  166  26:02  Baneling x6  
  166  26:03  Baneling x6  
  166  26:04  Baneling x4  
  157  26:42  Brood Lord x3  
  157  26:43  Brood Lord x3  
  169  27:11  Viper x2  
  175  27:15  Hydralisk  
  175  27:16  Hydralisk x5  
  175  27:17  Hydralisk  
  175  27:19  Overlord  
  175  27:20  Overlord  
  134  30:15  Mutalisk  
  134  30:16  Mutalisk x6  
  134  30:17  Mutalisk x2  
  108  32:17  Hatchery  
  101  32:23  Extractor  
  101  32:26  Extractor  
  101  32:27  Mutalisk x3  
  105  32:54  Zergling x2  
  105  32:55  Zergling x4  
  108  33:04  Ultralisk x2, Mutalisk x3  
  126  33:28  Baneling x2  
  126  33:29  Baneling x4  
  126  33:37  Ultralisk x2  
  126  33:38  Ultralisk, Hydralisk  
  138  33:49  Roach x3  
  125  35:03  Mutalisk x2  
  125  35:04  Mutalisk x5  
  125  35:05  Mutalisk x4  
  147  35:11  Mutalisk x3  
  153  35:16  Mutalisk x3  
  159  35:24  Corruptor x4  
  159  35:25  Corruptor  
  169  35:35  Corruptor x4  
  177  35:43  Corruptor  
  177  35:47  Overlord x2  
  179  36:24  Mutalisk x3  
  185  36:37  Extractor  
  184  36:44  Hatchery  
  171  36:52  Extractor x3  
  126  37:32  Brood Lord x3  
  126  37:33  Brood Lord x2  
  112  39:25  Corruptor x3  
  118  39:33  Corruptor x3  
  124  39:50  Ultralisk x3  
  142  40:03  Mutalisk x5  
  142  40:04  Mutalisk x6  
  142  40:05  Mutalisk x6  
  146  43:08  Brood Lord  
  146  43:09  Brood Lord x6  
  150  45:09  Zergling x6  
  153  45:15  Zergling x6  
  153  45:20  Drone  
  157  45:21  Zergling x2  
  157  45:22  Zergling x2  
Show
View Real Time Build Order
Export as new Build Order

tigro Terran 

Build Orders:  

Get SALT Encoding   

  12  0:06  SCV  
  13  0:18  SCV  
  14  0:28  Supply Depot  
  14  0:30  SCV  
  15  0:41  Refinery  
  15  0:47  Refinery  
  15  0:49  SCV  
  16  1:01  SCV  
  17  1:10  Barracks  
  17  1:13  SCV  
  18  1:26  SCV  
  19  1:38  SCV  
  20  1:50  SCV  
  21  1:59  Supply Depot  
  21  2:00  Barracks  
  21  2:02  SCV  
  21  2:03  Marine  
  23  2:20  SCV  
  23  2:21  Marine  
  25  2:35  Engineering Bay  
  25  2:39  Marine  
  25  2:40  Orbital Command  
  26  2:48  Barracks Tech Lab  
  26  2:56  Marine  
  27  3:09  Factory  
  27  3:10  Marine  
  28  3:14  Marine, Concussive Shells  
  29  3:28  Marine  
  29  3:33  Barracks Tech Lab  
  30  3:45  Marine  
  31  3:57  Stimpack  
  30  4:02  Command Center  
  30  4:03  Marine  
  30  4:21  Marine  
  30  5:02  Supply Depot  
  30  5:05  Terran Infantry Weapons Level 1  
  30  5:18  Planetary Fortress  
  30  5:28  Factory Tech Lab  
  30  5:43  Refinery  
  30  5:44  Refinery  
  30  5:51  Siege Tank  
  33  6:18  SCV  
  34  6:23  Siege Tank  
  37  6:30  SCV  
  38  6:33  Missile Turret  
  38  6:42  SCV  
  40  6:54  SCV  
  40  6:55  Siege Tank  
  40  7:00  Terran Infantry Armor Level 1  
  43  7:06  SCV  
  44  7:09  Missile Turret  
  44  7:12  Supply Depot  
  44  7:27  Siege Tank  
  47  7:55  Armory  
  47  8:05  Missile Turret  
  47  8:42  Missile Turret  
  47  8:46  Combat Shield  
  47  8:47  Starport  
  47  8:49  Infernal Pre-Igniter  
  47  8:53  Neosteel Armor  
  47  8:54  Thor  
  53  9:23  Missile Turret  
  53  9:39  Starport Tech Lab  
  53  9:42  Missile Turret  
  53  10:08  Mag-Field Accelerator  
  53  10:33  Missile Turret x2  
  53  10:34  Hi-Sec Auto Tracking  
  53  10:38  Rapid Reignition System  
  53  10:42  Medivac  
  53  10:45  Marine  
  53  10:48  Marine  
  54  11:03  Marine  
  55  11:06  Marine  
  56  11:12  Medivac  
  56  11:16  Siege Tank  
  61  11:21  Marine  
  61  11:24  Marine  
  63  11:35  Corvid Reactor  
  63  11:39  Marine  
  64  11:42  Marine  
  65  11:47  Drilling Claws  
  65  11:57  Marine  
  65  11:59  Marine  
  67  12:02  Fusion Core  
  67  12:16  Thor  
  73  12:35  Missile Turret  
  73  12:53  Cloaking Field  
  73  13:04  Missile Turret  
  73  13:06  Smart Servos  
  73  13:57  Command Center  
  73  14:13  Hyperflight Rotors  
  73  14:40  Missile Turret  
  73  14:46  Weapon Refit  
  73  15:08  SCV  
  73  15:09  Thor, Battlecruiser  
  86  15:20  SCV  
  87  15:24  Refinery  
  87  15:33  SCV  
  88  15:42  Refinery  
  88  15:45  SCV  
  89  15:53  Refinery  
  89  15:57  SCV  
  89  16:01  Refinery  
  89  16:03  Planetary Fortress  
  90  16:13  Advanced Ballistics  
  90  16:46  Supply Depot  
  90  17:08  Battlecruiser  
  96  17:11  Missile Turret  
  93  17:54  Siege Tank  
  96  18:05  Missile Turret  
  96  18:14  Battlecruiser  
  102  18:26  SCV, Siege Tank  
  106  18:38  SCV  
  107  18:55  Missile Turret  
  107  19:59  Supply Depot  
  107  20:01  Siege Tank  
  102  20:25  Missile Turret  
  102  20:33  Siege Tank  
  105  20:57  Supply Depot  
  105  20:58  Marauder  
  106  21:05  Siege Tank  
  108  21:19  Marauder  
  110  21:40  Marauder  
  112  22:02  Marauder  
  114  22:23  Marauder  
  116  22:55  Missile Turret  
  116  23:06  Marauder  
  116  23:10  Thor  
  124  23:16  Battlecruiser  
  130  23:27  Marauder  
  132  23:37  Supply Depot  
  132  23:59  Marauder, Thor  
  140  24:11  Terran Infantry Armor Level 2  
  140  24:15  Terran Vehicle And Ship Armor Level 1  
  140  24:16  Supply Depot  
  140  24:30  Supply Depot  
  140  24:37  Marauder, Battlecruiser  
  148  24:51  Missile Turret  
  148  24:52  Thor  
  154  24:59  Marauder  
  144  25:31  Marine  
  144  25:34  Thor, Marine  
  152  25:41  Battlecruiser  
  158  25:48  Marine  
  159  25:52  Marine  
  160  26:06  Marine  
  160  26:09  Marine, Terran Vehicle Weapons Level 1  
  162  26:17  Thor  
  168  26:24  Marine  
  169  26:27  Terran Infantry Weapons Level 2, Marine  
  155  26:42  Marine  
  155  26:45  Marine  
  155  26:46  Battlecruiser  
  163  27:00  Marine, Siege Tank  
  167  27:03  Marine  
  168  27:17  Marine  
  168  27:21  Marine  
  170  27:32  Siege Tank  
  173  27:48  Command Center  
  173  28:03  Terran Ship Weapons Level 1  
  173  28:16  Marine x2  
  173  28:17  Battlecruiser  
  173  28:18  Supply Depot  
  181  28:39  Marine x2  
  181  28:40  Siege Tank  
  186  29:10  Command Center  
  136  30:53  Planetary Fortress  
  132  31:26  Missile Turret  
  132  31:54  Missile Turret x2  
  129  32:19  Factory, Missile Turret  
  129  32:20  Siege Tank  
  132  32:52  Siege Tank  
  135  32:58  Missile Turret  
  135  33:02  Missile Turret  
  129  33:24  Siege Tank  
  130  33:53  Missile Turret  
  124  33:56  Siege Tank  
  124  33:59  Factory Tech Lab  
  126  34:29  Siege Tank  
  129  34:52  Missile Turret  
  129  35:16  Missile Turret  
  129  35:43  Missile Turret  
  129  35:55  Marine  
  130  35:59  Battlecruiser  
  136  36:09  Thor  
  142  36:13  Marine  
  143  36:22  Missile Turret  
  143  36:27  Siege Tank  
  143  36:30  Marine  
  140  36:48  Marine  
  140  36:51  Thor  
  129  36:59  Siege Tank  
  120  37:04  Battlecruiser  
  120  37:06  Marine  
  64  37:31  Siege Tank  
  64  37:34  Thor  
  66  38:03  Siege Tank  
  69  38:08  Battlecruiser  
  75  38:17  Thor  
  74  38:35  Marine, Siege Tank  
  74  38:38  Marine  
  71  38:53  Marine  
  72  38:56  Marine  
  72  39:00  Thor  
  77  39:11  Marine  
  77  39:12  Battlecruiser  
  77  39:14  Marine  
  85  39:24  Command Center  
  85  39:28  Marine  
  86  39:32  Marine  
  87  39:41  Missile Turret  
  87  39:43  Siege Tank  
  90  39:46  Marine  
  90  39:49  Missile Turret  
  90  39:50  Marine  
  92  40:04  Marine  
  93  40:15  Siege Tank  
  93  40:16  Battlecruiser  
  93  40:17  Missile Turret  
  102  40:22  Marine  
  98  40:40  Marine  
  90  40:47  Siege Tank  
  63  40:57  Marine  
  47  41:32  Marauder  
  40  41:34  Marine  
  40  41:39  Planetary Fortress  
  36  41:52  Marine  
  36  41:53  Marauder  
  37  42:10  Marine  
  23  43:07  Siege Tank  
  23  43:14  Supply Depot  
  22  43:23  SCV  
  20  43:35  SCV  
  20  43:39  Siege Tank  
  24  43:46  Engineering Bay  
  24  43:47  SCV  
  24  43:59  SCV  
  20  44:07  Refinery  
  20  44:11  SCV  
  20  44:14  Refinery  
  21  44:31  Barracks  
  21  44:57  Missile Turret  
  21  45:13  Planetary Fortress  
  21  45:18  Missile Turret  
  21  45:23  Supply Depot  
  21  45:32  Siege Tank  
  23  45:38  Barracks Tech Lab  
  17  45:49  Missile Turret  
  7  45:59  Missile Turret  
  10  46:04  Siege Tank  
  10  46:08  Marine  
  7  46:26  Marine  
  7  46:29  Missile Turret  
Tags
 
Matchup
TvZ
Opening
Pool First
Replay Pack
MrFercho
Spawn Locations
Cross Positions
Add a new tag
Caveats
  • Supply blocks, unpowered buildings, or Contaminate may cause inaccurate times.
  • Supply counts are checked every 10 seconds.